 Dungeon Crawl Stone Soup version 0.28.0 (webtiles) character file.

Game seed: 2538638444250882267

1072 browni3141 the Skirmisher (level 8, -15/73 HPs)
             Began as a Minotaur Berserker on Feb 16, 2022.
             Was a Priest of Trog.
             Demolished by a two-headed ogre (25 damage)
             ... on level 6 of the Dungeon.
             The game lasted 00:02:47 (5250 turns).

browni3141 the Skirmisher (Minotaur Berserker)      Turns: 5250, Time: 00:02:47

Health: -15/73     AC: 13    Str: 24    XL:     8   Next: 7%
Magic:  7/7        EV:  7    Int:  4    God:    Trog [***...]
Gold:   232        SH:  0    Dex: 10    Spells: 7/7 levels left

rFire   . . .      SeeInvis .   n - +2 hand axe (flame)
rCold   . . .      Faith    .   (no shield)
rNeg    . . .      Spirit   .   p - +0 plate armour
rPois   .          Reflect  .   (helmet restricted)
rElec   .          Harm     .   (no cloak)
rCorr   .          Rampage  .   (no gloves)
Will    ++...                   (no boots)
Stlth   ..........              (no amulet)
HPRegen 1.22/turn               (no ring)
MPRegen 0.10/turn               (no ring)

@: strong-willed, on berserk cooldown, regenerating, slowed, very slow
A: horns 2, retaliatory headbutt
a: Renounce Religion, Berserk, Trog's Hand


You were on level 6 of the Dungeon.
You worshipped Trog.
Trog was most pleased with you.
You visited 1 branch of the dungeon, and saw 6 of its levels.

You collected 342 gold pieces.
You spent 110 gold pieces at shops.

Inventory:

Hand Weapons
 a - a +0 hand axe
 n - a +2 hand axe of flaming (weapon)
Armour
 b - a +0 animal skin
 k - a +0 chain mail
 p - a +0 plate armour (worn)
Wands
 h - a wand of mindburst (22)
 v - a wand of acid (4)
Scrolls
 d - 2 scrolls of summoning {unknown}
 e - 6 scrolls of identify {unknown}
 i - a scroll of holy word {unknown}
 m - 2 scrolls of torment {unknown}
 o - a scroll of blinking {unknown}
 s - 2 scrolls of fog
 u - 2 scrolls of teleportation
 x - a scroll of enchant weapon {unknown}
 y - 2 scrolls of noise {unknown}
 A - a scroll of magic mapping
Potions
 c - a potion of brilliance {unknown}
 f - 4 potions of curing {unknown}
 g - 3 potions of degeneration {unknown}
 j - a potion of magic {unknown}
 l - 2 potions of flight {unknown}
 q - a potion of invisibility {unknown}
 r - a potion of mutation {unknown}
 t - a potion of might {unknown}
 w - a potion of lignification {unknown}
 z - a potion of ambrosia {unknown}


   Skills:
 + Level 7.5 Fighting
 + Level 7.4 Axes
 + Level 6.9 Armour
 - Level 2.1 Dodging


You had 7 spell levels left.
You didn't know any spells.
Your spell library was empty.

Dungeon Overview and Level Annotations

Branches:
Dungeon (6/15)             Temple (0/1) D:5

Altars:
Dithmenos
Elyvilon
Kikubaaqudgha
Makhleb
Okawaru
Ru
Uskayaw
Vehumet

Shops:
D:2 [   D:5 ?


Innate Abilities, Weirdness & Mutations

You have a pair of horns on your head.
You reflexively headbutt those who attack you in melee.


Message History

Press: ? - help, Shift-Dir - straight line, f - centaur skeleton
Aim: a centaur skeleton (100% to hit)
The bolt of acid hits the centaur skeleton!
The acid corrodes the centaur skeleton!
The centaur skeleton is moderately damaged.
The bolt of acid hits the two-headed ogre!
The acid corrodes the two-headed ogre!
The two-headed ogre is lightly wounded.
The bolt of acid hits the jelly.
The jelly completely resists.
The centaur skeleton hits you but does no damage.
The centaur skeleton kicks you but does no damage.
Unknown command.
Aiming: Corrosive Bolt
Press: ? - help, Shift-Dir - straight line, f/p - centaur skeleton
Aim: a centaur skeleton (moderately damaged, covered in acid, 100% to hit)
The bolt of acid hits the two-headed ogre!
The two-headed ogre seems to be corroded for longer.
The two-headed ogre is moderately wounded.
The bolt of acid hits the centaur skeleton!
The centaur skeleton seems to be corroded for longer.
The centaur skeleton is severely damaged.
The two-headed ogre barely misses you.
The two-headed ogre hits you with a +0 giant club!
* * * LOW HITPOINT WARNING * * *
Unknown command.
Okay, then.
Unknown command.
Aiming: Mindburst
Press: ? - help, Shift-Dir - straight line, f - two-headed ogre, p - centaur skeleton
Aim: a two-headed ogre, wielding two +0 giant clubs (moderately wounded, covered in acid, chance to affect: 47%)
The two-headed ogre resists with some effort.
The two-headed ogre hits you with a +0 giant club!
* * * LOW HITPOINT WARNING * * *
The two-headed ogre barely misses you.
Aiming: Mindburst
Press: ? - help, Shift-Dir - straight line, f/p - two-headed ogre
Aim: a two-headed ogre, wielding two +0 giant clubs (moderately wounded, covered in acid, chance to affect: 47%)
The two-headed ogre's minds are blasted.
The two-headed ogre hits you with a +0 giant club!!
You die...

.. #..........# #.
###.##..........####<
.
...##...............
.# ..
#..######.#########.
.# # ... #..# #.# #.
.#. .... #..#### #.#
#. .. #
.....###.....###.# #.
###.#
###......#....†..# #.
....
......).JO@.#....# #.
.#
.#......Z##..##...#
.. .#
#.###...###.........
.# .....# ###....###
....# ..#.....
##../.# ###$# #
#...... #.#.... .Z
#...... #.#.##. c#.
........ .# #


You could see a two-headed ogre (corroded), a jelly and a centaur skeleton
(corroded).

Vanquished Creatures
  Edmund (D:6)
  A water moccasin (D:5)
  An orc warrior (D:6)
  An ogre (D:4)
  A centaur (D:6)
  2 scorpions
  A water moccasin skeleton (D:4)
  A centaur zombie (D:6)
  A jelly (D:6)
  A hound (D:4)
  An orc priest (D:6)
  2 iguanas
  3 orc wizards (D:5)
  A hound zombie (D:5)
  10 adders
  An ufetubus (D:5)
  An adder skeleton (D:4)
  3 worms
  A dart slug (D:5)
  9 orcs
  4 endoplasms
  4 giant cockroaches
  5 goblins
  7 hobgoblins
  4 jackals (D:1)
  7 kobolds
  5 quokkas
  4 ball pythons
  8 bats
  2 frilled lizards (D:2)
  5 rats
98 creatures vanquished.

Notes
Turn   | Place    | Note
-------+----------+-------------------------------------------
     0 | D:1      | browni3141 the Minotaur Berserker began the quest for the
                  | Orb.
     0 | D:1      | Reached XP level 1. HP: 19/19 MP: 0/0
   194 | D:1      | Reached XP level 2. HP: 24/27 MP: 1/1
   919 | D:2      | Found Kolass's Armour Boutique.
   929 | D:2      | Reached ** piety under Trog
  1053 | D:2      | Reached XP level 3. HP: 32/33 MP: 2/2
  1236 | D:2      | Found a shadowy altar of Dithmenos.
  1365 | D:2      | Found a faded altar of an unknown god.
  1893 | D:3      | Reached XP level 4. HP: 36/41 MP: 3/3
  2254 | D:3      | Found a hide-covered altar of Uskayaw.
  2254 | D:3      | Found a burning altar of Makhleb.
  2255 | D:3      | Found an iron altar of Okawaru.
  2255 | D:3      | Found a sacrificial altar of Ru.
  2258 | D:3      | Found an ancient bone altar of Kikubaaqudgha.
  2633 | D:4      | Noticed an ogre
  2639 | D:4      | Killed an ogre
  2640 | D:4      | Reached skill level 5 in Fighting
  2640 | D:4      | Reached skill level 5 in Axes
  2640 | D:4      | Reached XP level 5. HP: 48/48 MP: 4/4
  2872 | D:4      | Found a radiant altar of Vehumet.
  3222 | D:4      | Found a white marble altar of Elyvilon.
  3524 | D:4      | Reached XP level 6. HP: 46/56 MP: 5/5
  3995 | D:5      | Entered Level 5 of the Dungeon
  4042 | D:5      | Found a staircase to the Ecumenical Temple.
  4079 | D:5      | Reached skill level 5 in Armour
  4212 | D:5      | Noticed a water moccasin
  4223 | D:5      | Killed a water moccasin
  4233 | D:5      | Reached *** piety under Trog
  4327 | D:5      | Found Woselustri's Magic Scroll Emporium.
  4337 | D:5      | Bought a scroll of teleportation for 39 gold pieces
  4337 | D:5      | Bought a scroll of fog for 26 gold pieces
  4337 | D:5      | Bought a scroll of magic mapping for 45 gold pieces
  4402 | D:5      | Reached XP level 7. HP: 59/63 MP: 6/6
  4844 | D:6      | Noticed Edmund
  4852 | D:6      | Noticed a two-headed ogre
  4853 | D:6      | Killed Edmund
  5239 | D:6      | Reached XP level 8. HP: 39/73 MP: 7/7
  5250 | D:6      | Demolished by a two-headed ogre

Illustrated notes

Levels and vault maps discovered:
D:1:      tarquinn_simple_flora_water_f, layout_basic
D:2:      layout_loops_ring, basic_altar, hellmonk_ecumenical_altar_blasted,
          serial_shops, shop, minmay_ruptured
D:3:      layout_loops_cross, grunt_temple_overflow_open,
          corexii_leaking_fountain, minmay_pentomino_pile
D:4:      layout_basic, mainiacjoe_overflow_brackets,
          nicolae_vehumet_altar_sigil
D:5:      layout_gridville, minmay_temple_entry_waves, serial_shops,
          nicolae_lakefront_shop, patterned_corridor
D:6:      hangedman_cross_stitches, layout_rooms, mainiacjoe_overflow_chevrons,
          nicolae_sif_muna_condensation, portal_sewer_entry_f, uniq_edmund

Skill      XL: |  1  2  3  4  5  6  7 |
---------------+----------------------+-----
Fighting       | 4 5 6 7 |  7.5
Axes           | 4 5 6 7 |  7.4
Armour         | 3 4 5 6 |  6.9
Dodging        | |  2.1

Action                   |  1- 3 |  4- 6 |  7- 9 || total
-------------------------+-------+-------+-------++-------
Melee: Hand axe          |   110 |   105 |    40 ||   255
       Headbutt          |    15 |    12 |     6 ||    33
Invok: Berserk           |       |     2 |     2 ||     4
       Trog's Hand       |       |       |     1 ||     1
Evoke: Wand              |       |       |     4 ||     4
Armor: Animal skin       |    30 |       |       ||    30
       Chain mail        |    22 |    30 |       ||    52
       Plate armour      |       |    36 |    26 ||    62
Dodge: Dodged            |    78 |    29 |    16 ||   123
